 Dungeon Crawl Stone Soup version 0.31-a0-1338-gb567cfdca4 (webtiles) character file.

Game seed: 3973201681714401383

5450 jasper the Fighter (level 10, -9/82 HPs)
             Began as a Mummy Necromancer on Dec 22, 2023.
             Was a Believer of Kikubaaqudgha.
             Mangled by a warg (19 damage)
             ... on level 11 of the Dungeon.
             The game lasted 00:15:51 (10001 turns).

jasper the Fighter (Mummy Necromancer)             Turns: 10001, Time: 00:15:51

Health: -9/82      AC:  5    Str: 13    XL:     10   Next: 41%
Magic:  13/22      EV: 10    Int: 23    God:    Kikubaaqudgha [**....]
Gold:   123        SH:  0    Dex: 12    Spells: 10/25 levels left

rFire   x . .        l - +8 demon trident (vamp)
rCold   + . .        (no shield)
rNeg    + + +        j - +0 ring mail
rPois   ∞            h - +0 helmet
rElec   .            (no cloak)
rCorr   .            b - +0 pair of gloves
SInv    .            C - +1 pair of boots "Fouska Uneic" {Will- Int+5}
Will    +....        (no amulet)
Stlth   +            r - ring of willpower
HPRegen 0.33/turn    (no ring)
MPRegen 0.18/turn

%: faith
@: fugue, corroded
A: cold resistance 1, negative energy resistance 3, torment resistance 2, heat
vulnerability 1, in touch with death 1, no potions, faith
a: Renounce Religion, Unearth Wretches


You were on level 11 of the Dungeon.
You worshipped Kikubaaqudgha.
Kikubaaqudgha was pleased with you.
You visited 1 branch of the dungeon, and saw 10 of its levels.

You collected 1004 gold pieces.
You spent 881 gold pieces at shops.

Inventory:

Hand Weapons
 c - a +0 dagger
 d - a +0 short sword
 g - a +0 spear
 k - a +3 hand axe
 l - a +8 vampiric demon trident (weapon)
 m - a +3 spear
 o - a +0 quarterstaff
 H - the +11 quarterstaff "Embalmer" {freeze, MP+9}
   (You found it on level 9 of the Dungeon)

   MP+9:      It affects your magic capacity (+9).
Missiles
 n - 12 boomerangs
 z - 3 curare-tipped darts
 A - 2 javelins
Armour
 a - a +0 robe
 b - a +0 pair of gloves (worn)
 h - a +0 helmet (worn)
 i - a +0 pair of boots
 j - a +0 ring mail (worn)
 C - the +1 pair of boots "Fouska Uneic" (worn) {Will- Int+5}
   (You bought it in a shop on level 4 of the Dungeon)

   Int+5:     It affects your intelligence (+5).
   Will-:     It decreases your willpower.
 E - a +1 hat
Jewellery
 r - a ring of willpower (left hand)
 w - a +6 ring of intelligence
Wands
 x - a wand of flame (20)
 y - a wand of iceblast (2)
Scrolls
 e - a scroll of identify
 f - a scroll of immolation
 p - 4 scrolls of teleportation
 q - 3 scrolls of poison
 s - 3 scrolls of fog
 t - a scroll of fear
 u - 3 scrolls of noise
 v - a scroll of revelation
 B - 2 scrolls of amnesia
 D - a scroll of vulnerability
 F - a scroll of torment
 G - a scroll of blinking
 I - a scroll of enchant armour


   Skills:
 + Level 8.4 Fighting
 + Level 7.0 Polearms
 - Level 1.5 Dodging
 - Level 1.5 Stealth
 - Level 8.0 Spellcasting
 - Level 8.0 Necromancy
 - Level 3.0 Translocations


You had 10 spell levels left.
You knew the following spells:

 Your Spells              Type           Power      Damage    Failure   Level
a - Necrotise             Necr           100%       1d9       1%          1
b - Vampiric Draining     Necr           62%        2d10      1%          3
c - Fugue of the Fallen   Necr           62%        N/A       1%          3
d - Animate Dead          Necr           62%        N/A       5%          4
e - Blink                 Tloc           46%        N/A       7%          2
f - Cigotuvi's Dreadful   Necr/Alch/Air  64%        N/A       8%          2

Your spell library contained the following spells:

 Spells                   Type           Power      Damage    Failure   Level
 Apportation              Tloc           46%        N/A       4%          1
 Freeze                   Ice            36%        1d5       16%         1
 Magic Dart               Conj           36%        1d4       16%         1
 Sting                    Conj/Alch      36%        1d5       16%         1
 Summon Small Mammal      Summ           36%        N/A       16%         1
 Agony                    Necr           62%        N/A       16%         5
 Call Imp                 Summ           18%        N/A       22%         2
 Static Discharge         Conj/Air       18%        3-4/arc   22%         2
 Frozen Ramparts          Ice            18%        1d3       41%         3
 Hailstorm                Conj/Ice       9%         3d6       41%         3
 Ozocubu's Armour         Ice            9%         N/A       41%         3
 Manifold Assault         Tloc           23%        N/A       41%         4
 Airstrike                Air            4%         2d(1-17)  83%         4
 Leda's Liquefaction      Alch/Erth      4%         N/A       83%         4
 Summon Ice Beast         Ice/Summ       9%         N/A       83%         4
 Summon Lightning Spire   Summ/Air       9%         N/A       83%         4
 Lee's Rapid Deconstruct  Erth           4%         3d5*      99%         5
 Summon Mana Viper        Hex/Summ       9%         N/A       99%         5
 Bombard                  Conj/Erth      4%         9d2       100%        6
 Monstrous Menagerie      Summ           4%         N/A       100%        7


Dungeon Overview and Level Annotations

Branches:
Dungeon (9/15)             Temple (0/1) D:6
   Lair: D:8-11         Orc: D:9-12

Altars:
Ashenzari
Gozag
Kikubaaqudgha
Nemelex Xobeh
Ru
Vehumet
Yredelemnul

Shops:
D:1 [   D:2 ?   D:4 *   D:8 ?

Annotations:
D:3 exclusion: statue


Innate Abilities, Weirdness & Mutations

You are immune to poison.
Your flesh is cold resistant. (rC+)
You are immune to negative energy. (rN+++)
You are immune to unholy pain and torment.
You are vulnerable to heat. (rF-)
You are in touch with the powers of death.
You do not drink.
You have a special connection with the divine. (Faith)


Message History

You can't drink.
Unknown command.
Casting: Fugue of the Fallen (safe; 1% risk of failure)
Confirm with . or Enter, or press ? or * to list all spells.
Aiming: Vampiric Draining (safe; 1% risk of failure)
Press: ? - help, Shift-Dir - straight line, f - warg
Aim: a warg You feel a surge of power!
You draw life force from the warg!
You feel life coursing into your body. The warg closely misses you.
You regained 6 hp, and now have 16/82 hp.
You now have 19/22 mp.
Casting: Vampiric Draining (safe; 1% risk of failure)
Confirm with . or Enter, or press ? or * to list all spells.
Aiming: Vampiric Draining (safe; 1% risk of failure)
Press: ? - help, Shift-Dir - straight line, f - acid dragon, p - warg
Aim: an acid dragon You feel a surge of power!
You draw life force from the acid dragon.
You feel life coursing into your body. The acid dragon bites you.
* * * LOW HITPOINT WARNING * * *
The acid dragon claws you but does no damage.
You take 3 damage, and have 13/82 hp.
You now have 16/22 mp.
Casting: Vampiric Draining (safe; 1% risk of failure)
Confirm with . or Enter, or press ? or * to list all spells.
Aiming: Vampiric Draining (safe; 1% risk of failure)
Press: ? - help, Shift-Dir - straight line, f/p - acid dragon
Aim: an acid dragon (moderately wounded)
You feel a surge of power!
You draw life force from the acid dragon!
You feel life coursing into your body! The wolf closely misses you.
The warg bites you.
* * * LOW HITPOINT WARNING * * *
The acid dragon bites you!
* * * LOW HITPOINT WARNING * * *
The acid dragon claws you but does no damage.
The orc wizard mumbles some strange words.
The orc wizard flickers and vanishes!
The wolf closely misses you. The warg bites you!!
You die...
Kikubaaqudgha rasps: "You have failed me!
Welcome... oblivion!"

#### #..#......#
#..#......#
#..#...?..#
##..#......#
+..D#......+
#.h@#......#
#######h#......####
.......h.o{.......#
.......D.o........#
..........{.o.....#
............o.....#
................!.#
+#.......##+#.....#
#.......# .....#


You could see a warg, 2 acid dragons, 2 wolves and an orc wizard.

Vanquished Creatures
  Gastronok (D:8)
  A two-headed ogre (D:9)
  A vampire (D:9)
  An orc warrior (D:7)
  2 hornet zombies (D:6)
  2 sky beasts
  2 black bears
  3 ogres
  3 centaurs
  2 kobold brigands
  A phantom (D:5)
  3 bullfrogs
  A wyvern zombie (D:6)
  A water moccasin zombie (D:6)
  3 scorpions
  4 wights (D:7)
  11 killer bees (D:8)
  4 howler monkeys
  2 electric eels (D:3)
  A bullfrog zombie (D:6)
  4 hounds
  4 jellies
  5 orc priests
  A sleepcap (D:6)
  3 iguanas
  4 orc wizards
  A killer bee zombie (D:6)
  A howler monkey zombie (D:6)
  4 gnolls (D:5)
  9 adders
  2 white imps
  An ufetubus (D:5)
  A worm (D:4)
  4 dart slugs
  21 orcs
  8 endoplasms
  5 giant cockroaches
  4 goblins
  6 hobgoblins
  16 kobolds
  7 quokkas
  3 ball pythons
  2 bats
  4 frilled lizards
  4 rats
173 creatures vanquished.

Vanquished Creatures (collateral kills)
  A killer bee (D:8)
  An ufetubus (D:5)
  2 kobolds
4 creatures vanquished.

Vanquished Creatures (others)
  A black bear zombie (D:8)
  A howler monkey zombie (D:9)
  4 orc zombies (D:8)
6 creatures vanquished.

Grand Total: 183 creatures vanquished

Notes
Turn   | Place    | Note
-------+----------+-------------------------------------------
     0 | D:1      | jasper the Mummy Necromancer began the quest for the Orb.
     0 | D:1      | Reached XP level 1. HP: 13/13 MP: 4/4
   104 | D:1      | Reached XP level 2. HP: 19/19 MP: 1/6
   334 | D:1      | Found Ulyzaoci's Antique Armour Emporium.
   925 | D:1      | Reached XP level 3. HP: 24/24 MP: 5/7
   929 | D:1      | Learned a level 3 spell: Vampiric Draining
  1469 | D:2      | Found a sparkling altar of Nemelex Xobeh.
  1502 | D:2      | Reached skill level 5 in Necromancy
  1730 | D:2      | Found The Oracle's Delphic Readings.
  1734 | D:2      | Bought a scroll of teleportation for 42 gold pieces
  1781 | D:2      | Learned a level 3 spell: Fugue of the Fallen
  2114 | D:2      | Found a faded altar of an unknown god.
  2376 | D:3      | Reached XP level 4. HP: 30/30 MP: 3/10
  2381 | D:3      | Learned a level 4 spell: Animate Dead
  2501 | D:3      | Found a transporter.
  2613 | D:3      | Found a radiant altar of Vehumet.
  2613 | D:3      | Noticed a charred statue
  2660 | D:3      | Found a transporter.
  2814 | D:3      | Noticed a bullfrog
  2818 | D:3      | Killed a bullfrog
  2819 | D:3      | Reached skill level 5 in Spellcasting
  2819 | D:3      | Reached XP level 5. HP: 35/35 MP: 7/13
  2822 | D:3      | Learned a level 2 spell: Blink
  3306 | D:4      | Found Vuivejaga's Assorted Antiques.
  3311 | D:4      | Bought a scroll labelled ELOLEV OQAL for 24 gold pieces
  3311 | D:4      | Bought a scroll labelled EMYDOSCH NUCEUS for 24 gold pieces
  3311 | D:4      | Bought a scroll labelled POMNOT QYTZI for 24 gold pieces
  3313 | D:4      | Identified a scroll of acquirement
  3317 | D:4      | Acquired a +6 vampiric demon trident
  3563 | D:4      | Found a broken altar of Ashenzari.
  3578 | D:4      | Reached skill level 1 in Translocations
  3678 | D:4      | Reached XP level 6. HP: 41/41 MP: 8/14
  4442 | D:5      | Entered Level 5 of the Dungeon
  4452 | D:4      | Reached XP level 7. HP: 39/46 MP: 5/15
  5140 | D:5      | Reached XP level 8. HP: 45/52 MP: 4/18
  5272 | D:5      | Found a sacrificial altar of Ru.
  5274 | D:5      | Found an ancient bone altar of Kikubaaqudgha.
  5297 | D:5      | Became a worshipper of Kikubaaqudgha
  5851 | D:6      | Found a basalt altar of Yredelemnul.
  5952 | D:6      | Reached skill level 1 in Fighting
  5952 | D:6      | Reached skill level 1 in Polearms
  6527 | D:6      | Found a staircase to the Ecumenical Temple.
  6612 | D:6      | Reached * piety under Kikubaaqudgha
  6612 | D:6      | Received a gift from Kikubaaqudgha
  6616 | D:6      | Learned a level 2 spell: Cigotuvi's Dreadful Rot
  6939 | D:7      | Reached XP level 9. HP: 65/65 MP: 18/21
  7392 | D:7      | Reached skill level 5 in Fighting
  7972 | D:7      | Found an opulent altar of Gozag.
  8172 | D:4      | Bought a pair of shimmering boots for 228 gold pieces
  8172 | D:4      | Identified the +1 pair of boots "Fouska Uneic" {Will-
                  | Int+5} (You bought it in a shop on level 4 of the Dungeon)
  8554 | D:8      | Reached skill level 5 in Polearms
  8564 | D:8      | Reached ** piety under Kikubaaqudgha
  8692 | D:8      | Acquired 551 gold pieces
  9190 | D:8      | Noticed Gastronok
  9221 | D:8      | Killed Gastronok
  9222 | D:8      | Reached XP level 10. HP: 62/79 MP: 22/22
  9296 | D:8      | Found Hehicrev's Magic Scroll Shoppe.
  9327 | D:8      | Bought a scroll of torment for 133 gold pieces
  9327 | D:8      | Bought a scroll of blinking for 105 gold pieces
  9327 | D:8      | Bought a scroll of enchant weapon for 105 gold pieces
  9327 | D:8      | Bought a scroll of teleportation for 42 gold pieces
  9327 | D:8      | Bought a scroll of teleportation for 42 gold pieces
  9327 | D:8      | Bought a scroll of poison for 56 gold pieces
  9327 | D:8      | Bought a scroll of fog for 56 gold pieces
  9744 | D:9      | Noticed a two-headed ogre
  9754 | D:9      | Killed a two-headed ogre
  9892 | D:9      | Identified the +11 quarterstaff "Embalmer" {freeze, MP+9}
  9985 | D:9      | You fall into a shaft and drop 2 floors!
 10001 | D:11     | Mangled by a warg

Illustrated notes

Levels and vault maps discovered:
D:1:      lemuel_arrival_cross, layout_loops_ring, serial_shops,
          nicolae_shop_overgrown_old_shop, chequers_serial_rivers_room_a
D:2:      layout_basic, basic_altar, dilly_ecumenical_altar_fadedgnrine,
          nicolae_nh_oracle_at_delphi
D:3:      gammafunk_steamed_eel, layout_basic, vehumet_statue, minmay_unequal
D:4:      layout_gridville, cheibrodos_ashenzari_chains, serial_shops, shop,
          kennysheep_cross_room
D:5:      layout_rooms, mainiacjoe_overflow_catwalk_spiral, st_stairs_11
D:6:      layout_rooms, nicolae_yredelemnul_corpse_copse,
          minmay_temple_entry_ruins
D:7:      layout_basic, grunt_gozag_breadcrumbs
D:8:      layout_basic, mainiacjoe_overflow_24_doors, serial_shops, shop,
          uniq_gastronok
D:9:      layout_roguey
D:11:     layout_gridville, erik_lair_orcish_takeover, minmay_librarian,
          uniq_psyche, uniq_nergalle, uniq_josephine

Skill      XL: |  1  2  3  4  5  6  7  8  9 10 |
---------------+-------------------------------+-----
Spellcasting   | 3 4 5 6 8 |  8.0
Necromancy     | 5 6 7 8 |  8.0
Translocations | 1 2 3 |  3.0
Fighting       | 4 7 8 |  8.4
Polearms       | 3 6 7 |  7.0
Dodging        | |  1.5
Stealth        | |  1.5

Action                     |  1- 3 |  4- 6 |  7- 9 | 10-12 || total
---------------------------+-------+-------+-------+-------++-------
  Melee: Unarmed           |     4 |       |       |       ||     4
         Demon trident     |       |     6 |   267 |    59 ||   332
         Punch             |       |       |     4 |       ||     4
   Cast: Necrotise         |    66 |    86 |    54 |       ||   206
         Vampiric Draining |       |     2 |    31 |    10 ||    43
         Fugue of the Fall |       |       |     3 |     2 ||     5
         Animate Dead      |       |       |     2 |     1 ||     3
         Cigotuvi's Dreadf |       |       |     2 |       ||     2
  Evoke: Wand              |       |       |     3 |       ||     3
    Use: Scroll            |       |     7 |     5 |     3 ||    15
 Armour: Robe              |     5 |       |       |       ||     5
         Ring mail         |     5 |    21 |   311 |    70 ||   407
  Dodge: Dodged            |    10 |    16 |   182 |    31 ||   239

Table legend: (Time is in decaauts)
 A = Elapsed time spent in this place.
 B = Non-inter-level travel time spent in this place.
 C = Inter-level travel time spent in this place.
 D = Time resting spent in this place.
 E = Time spent auto-exploring this place.
 F = Levels seen in this place.
 G = Mean time per level.
                   A        B        C        D        E       F      G
               +--------+--------+--------+--------+--------+-----+--------+
         Total |  10052 |   9605 |    447 |    203 |   7879 |  10 | 1005.2 |
       Dungeon |  10052 |   9605 |    447 |    203 |   7879 |  10 | 1005.2 |
               +--------+--------+--------+--------+--------+-----+--------+

Top non-repeatable levels by time:
     D:4: 1519 daAuts
     D:8: 1476 daAuts
     D:7: 1295 daAuts
     D:2: 1150 daAuts
     D:6: 1134 daAuts
     D:1: 1115 daAuts
     D:3: 1041 daAuts
     D:5: 1028 daAuts
     D:9: 275 daAuts
    D:11: 15 daAuts
